 Dungeon Crawl Stone Soup version 0.28-a0-233-gb8ca4b6547 (webtiles) character file.

Game seed: 9937110358771417254

20 frimble the Chopper (level 2, -3/39 HPs)
             Began as a Gnoll Wanderer on Aug 23, 2021.
             Slain by a gnoll (4 damage)
             ... on level 1 of the Dungeon.
             The game lasted 00:01:30 (1231 turns).

frimble the Chopper (Gnoll Wanderer)                Turns: 1231, Time: 00:01:30

Health: -3/39      AC:  2    Str: 13    XL:     2   Next: 79%
Magic:  7/7        EV: 11    Int: 11    God:
Gold:   72         SH:  0    Dex:  9    Spells: 10/10 levels left

rFire   . . .      SeeInvis .   l - +0 dagger (venom)
rCold   . . .      Faith    .   (no shield)
rNeg    . . .      Spirit   .   f - +0 robe
rPois   .          Reflect  .   (no helmet)
rElec   .          Harm     .   (no cloak)
rCorr   .          Rampage  .   (no gloves)
Will    .....                   (no boots)
Stlth   ..........              (no amulet)
HPRegen 0.13/turn               (no ring)
MPRegen 0.10/turn               (no ring)

@: berserking, very quick
A: fangs 1, strong nose, distributed training
a: no special abilities


You were on level 1 of the Dungeon.
You visited 1 branch of the dungeon, and saw 1 of its levels.

You collected 72 gold pieces.

Inventory:

Hand Weapons
 a - a +0 hand axe
 b - a +0 hand crossbow
 l - a +0 dagger of venom (weapon)
Missiles
 d - 32 bolts
Armour
 f - a +0 robe (worn)
Scrolls
 e - a scroll of magic mapping {unknown}
 j - a scroll of acquirement {unknown}
 k - a scroll of enchant armour {unknown}
Potions
 g - a potion of curing {unknown}
 h - a potion of invisibility {unknown}
 i - a potion of mutation {unknown}


   Skills:
 + Level 4.5 Fighting
 + Level 0.5 Short Blades
 + Level 0.5 Long Blades
 + Level 6.5 Axes
 + Level 0.5 Maces & Flails
 + Level 0.5 Polearms
 + Level 0.5 Staves
 + Level 0.5 Slings
 + Level 0.5 Bows
 + Level 0.5 Crossbows
 + Level 0.5 Throwing
 + Level 0.5 Armour
 + Level 0.5 Dodging
 + Level 2.3 Stealth
 + Level 0.5 Shields
 + Level 0.5 Unarmed Combat
 + Level 4.9 Spellcasting
 + Level 0.3 Conjurations
 + Level 0.3 Hexes
 + Level 0.3 Summonings
 + Level 2.0 Necromancy
 + Level 0.3 Translocations
 + Level 0.3 Transmutations
 + Level 0.3 Fire Magic
 + Level 0.3 Ice Magic
 + Level 0.3 Air Magic
 + Level 0.3 Earth Magic
 + Level 0.3 Poison Magic
 + Level 0.6 Invocations
 + Level 2.5 Evocations


You had 10 spell levels left.
You didn't know any spells.
Your spell library was empty.

Dungeon Overview and Level Annotations

Branches:
Dungeon (1/15)

Altars:

Shops:
D:1 (


Innate Abilities, Weirdness & Mutations

You have very sharp teeth.
Your uncanny sense of smell can sniff out nearby items.
Your experience applies equally to all skills.


Message History

A bat is nearby!
A bat is nearby!
A bat is nearby!
The bat closely misses you. The bat closely misses you.
You closely miss the bat. The bat barely misses you.
You closely miss the bat. The bat barely misses you.
The bat closely misses you.
You hit the bat.
You kill the bat!
No target in view!
No target in view!
No target in view!
No target in view!
No target in view!
A gnoll comes into view. It is wielding a +0 spear.
The gnoll hits you from afar with a +0 spear.
A gnoll is nearby!
A gnoll is nearby!
A gnoll is nearby!
You aren't carrying any items that you can evoke.
Things that are here:
a +0 dagger of venom; a goblin skeleton
l - a +0 dagger of venom The gnoll closely misses you.
Your +0 dagger of venom begins to drip with poison!
l - a +0 dagger of venom (weapon)
The gnoll misses you.
You barely miss the gnoll. Your bite misses the gnoll.
The gnoll hits you with a +0 spear!
You barely miss the gnoll. The gnoll hits you with a +0 spear!
* * * LOW HITPOINT WARNING * * *
Okay, then.
Okay, then.
A red film seems to cover your vision as you go berserk!
You feel yourself moving faster!
You feel mighty! The gnoll hits you with a +0 spear.
* * * LOW HITPOINT WARNING * * *
You closely miss the gnoll. The gnoll hits you with a +0 spear.
You die...

#.# #..##.# #.# #... #.∩ #
#.# #∩.÷ ... # #.#######
### ##.# # #.......# # #
#.#####.# #########
#######.## #.# #..(...#
....##...####.#######
#.####.#
##.............g@÷..# #.#
#.# ###.##...####.#####.#
#.####.## #######.## #.#
#.# #.##..... .#
#.#####.#####.#####......##
.#
#.......#.........###......
.# ##'#######.###.###.#
#..#### ## ##...## #.# #.#
#.# #†.# # ##.....##
#.###.# #.# #..####
##.......## #.#...# #.#
#.....#


You could see a gnoll.

Vanquished Creatures
  4 goblins (D:1)
  2 hobgoblins (D:1)
  2 jackals (D:1)
  2 quokkas (D:1)
  3 ball pythons (D:1)
  3 bats (D:1)
  A frilled lizard (D:1)
  A kobold (D:1)
  2 rats (D:1)
20 creatures vanquished.

Notes
Turn   | Place    | Note
-------+----------+-------------------------------------------
     0 | D:1      | frimble the Gnoll Wanderer began the quest for the Orb.
     0 | D:1      | frimble set off with the following items: a +2 dagger, a
                  | potion of berserk rage, a +0 hand crossbow, 20 bolts, a +0
                  | hand axe, a +0 robe
     0 | D:1      | Reached XP level 1. HP: 20/20 MP: 6/6
   298 | D:1      | Found Kixzilab's Antique Weapon Emporium.
   543 | D:1      | Reached XP level 2. HP: 26/26 MP: 7/7
   785 | D:1      | Found a faded altar of an unknown god.
  1230 | D:1      | HP: 1/39 [gnoll (6)]
  1231 | D:1      | Slain by a gnoll

Illustrated notes

Levels and vault maps discovered:
D:1:      amcnicky_arrival_abandoned_market, layout_loops_corners, serial_shops,
          nicolae_shop_trees, shapermc_ecumenical_altar_hornbeckon

Skill      XL: |  1 |
---------------+----+-----
Necromancy     | 2 |  2.0
Fighting       | |  4.5
Short Blades   | |  0.5
Long Blades    | |  0.5
Axes           | |  6.5
Maces & Flails | |  0.5
Polearms       | |  0.5
Staves         | |  0.5
Slings         | |  0.5
Bows           | |  0.5
Crossbows      | |  0.5
Throwing       | |  0.5
Armour         | |  0.5
Dodging        | |  0.5
Stealth        | |  2.3
Shields        | |  0.5
Unarmed Combat | |  0.5
Spellcasting   | |  4.9
Conjurations   | |  0.3
Hexes          | |  0.3
Summonings     | |  0.3
Translocations | |  0.3
Transmutations | |  0.3
Fire Magic     | |  0.3
Ice Magic      | |  0.3
Air Magic      | |  0.3
Earth Magic    | |  0.3
Poison Magic   | |  0.3
Invocations    | |  0.6
Evocations     | |  2.5

Action                   || total
-------------------------++-------
Melee: Hand axe          ||    68
       Dagger            ||     3
       Bite              ||     1
 Fire: Hand crossbow     ||     3
  Use: Potion            ||     1
 Stab: Sleeping          ||     1
Armor: Robe              ||    17
Dodge: Dodged            ||    38

Table legend: (Time is in decaauts)
 A = Elapsed time spent in this place.
 B = Non-inter-level travel time spent in this place.
 C = Inter-level travel time spent in this place.
 D = Time resting spent in this place.
 E = Time spent auto-exploring this place.
 F = Levels seen in this place.
 G = Mean time per level.
                   A        B        C        D        E       F      G
               +--------+--------+--------+--------+--------+-----+--------+
         Total |   1233 |   1233 |      0 |      0 |   1027 |   1 | 1233.0 |
       Dungeon |   1233 |   1233 |      0 |      0 |   1027 |   1 | 1233.0 |
               +--------+--------+--------+--------+--------+-----+--------+

Top non-repeatable levels by time:
     D:1: 1233 daAuts
